 Dungeon Crawl Stone Soup version 0.21.1-1-g345015f (webtiles) character file.

242 TwaPehs the Ruffian (level 5, 0/53 HPs)
             Began as a Troll Berserker on June 12, 2018.
             Was a Believer of Trog.
             Slain by an ogre
             ... wielding a +0 giant club
              (21 damage)
             ... on level 4 of the Dungeon.
             The game lasted 00:30:03 (2391 turns).

TwaPehs the Ruffian (Troll Berserker)               Turns: 2391, Time: 00:30:04

Health: 0/53       AC:  7    Str: 26    XL:     5   Next: 81%
Magic:  4/4        EV: 11    Int:  3    God:    Trog [**....]
Gold:   147        SH:  0    Dex:  9    Spells: 4/4 levels left

rFire    . . .     SeeInvis .     - Unarmed
rCold    . . .     Gourm    +   (no shield)
rNeg     . . .     Faith    .   a - +0 animal skin
rPois    .         Spirit   .   (helmet restricted)
rElec    .         Reflect  .   g - +1 cloak
rCorr    .         Harm     .   (gloves unavailable)
MR       .....                  (boots unavailable)
Stlth    +.........             (no amulet)
HPRegen  0.57/turn              (no ring)
MPRegen  0.09/turn              (no ring)

@: no status effects
A: large, unfitting armour, claws 3, fast metabolism 3, gourmand, regeneration
1, shaggy fur 1, tough skin 2
a: Berserk, Trog's Hand, Burn Spellbooks, Renounce Religion


You were on level 4 of the Dungeon.
You worshipped Trog.
Trog was pleased with you.
You were not hungry.

You visited 1 branch of the dungeon, and saw 4 of its levels.

You collected 147 gold pieces.

Inventory:

Hand Weapons
 c - a cursed -2 dagger
Armour
 a - a +0 animal skin (worn)
 d - a +0 helmet
 g - a +1 cloak (worn)
Scrolls
 e - 2 scrolls of teleportation
 f - a scroll of fog
 i - a scroll of enchant armour
 l - a scroll of magic mapping
Potions
 j - 5 potions of curing
 k - 3 potions of might
Comestibles
 b - a ration
 h - 2 chunks of flesh


   Skills:
 + Level 3.0 Fighting
 + Level 3.4 Dodging
 * Level 5.4 Unarmed Combat


You had 4 spell levels left.
You didn't know any spells.

Dungeon Overview and Level Annotations

Branches:
Dungeon (4/15)
 Temple: D:4-7

Altars:
Ru


Innate Abilities, Weirdness & Mutations

You are too large for most types of armour.
You have claws for hands.
Your metabolism is lightning-fast.
You like to eat raw meat.
Your natural rate of healing is unusually fast.
You are covered in fur. (AC +1)
You have very tough skin. (AC +2)


Message History

h - 2 chunks of flesh You see here a quokka skeleton.
You see here a scroll of noise.
You see here 27 arrows.
You claw the ogre!
The ogre is moderately wounded.
The ogre hits you with a giant club! The gnoll completely misses you.
You barely miss the ogre.
The ogre is moderately wounded.
The gnoll closely misses you.
The gnoll hits you from afar with a spear.
The ogre hits you with a giant club!!
* * * LOW HITPOINT WARNING * * *
You see here 27 arrows.
You see here a whip.
There is a stone staircase leading down here.
You claw the ogre!
The ogre is heavily wounded.
The ogre hits you with a giant club!!
You die...

####### ##...<.####
###.........##
########............##
#≈≈≈≈≈≈≈≈≈......@....#
.≈#≈≈≈≈≈#≈..#####O...#
#≈###≈#≈.## ##gg.##
#≈≈≈≈≈#≈## #....#
≈≈≈≈≈≈≈≈.# ##...#
...[.....# #...#
..........# #>..# #
...........## #...##
)## ....####....##
##)...#....


You could see an ogre and 2 gnolls.

Vanquished Creatures
  A phantom (D:4)
  An ogre (D:2)
  A gnoll (D:4)
  3 worms
  5 dart slugs
  2 leopard geckos
  A giant cockroach (D:3)
  4 hobgoblins
  A quokka (D:4)
  2 ball pythons
  9 bats
  4 frilled lizards
  4 goblins
  A jackal skeleton (D:4)
  4 kobolds
  A rat (D:3)
44 creatures vanquished.

Notes
Turn   | Place    | Note
-------+----------+-------------------------------------------
     0 | D:1      | TwaPehs the Troll Berserker began the quest for the Orb.
     0 | D:1      | Reached XP level 1. HP: 22/22 MP: 0/0
   163 | D:1      | Reached XP level 2. HP: 29/29 MP: 1/1
   804 | D:2      | Found a sacrificial altar of Ru.
  1078 | D:2      | Noticed an ogre
  1087 | D:2      | Killed an ogre
  1087 | D:2      | Reached skill level 4 in Unarmed Combat
  1087 | D:2      | Reached XP level 3. HP: 29/37 MP: 2/2
  1087 | D:2      | Reached XP level 4. HP: 35/45 MP: 3/3
  2066 | D:3      | Reached ** piety under Trog
  2092 | D:3      | Reached XP level 5. HP: 53/53 MP: 4/4
  2197 | D:4      | Noticed a phantom
  2256 | D:4      | Killed a phantom
  2256 | D:4      | Reached skill level 5 in Unarmed Combat
  2314 | D:4      | Noticed an ogre
  2391 | D:4      | Slain by an ogre

Skill      XL: |  1  2  3  4  5 |
---------------+----------------+-----
Fighting       | 3 |  3.0
Dodging        | 3 |  3.4
Unarmed Combat | 4 5 |  5.4

Action                   |  1- 3 |  4- 6 || total
-------------------------+-------+-------++-------
Melee: Unarmed           |    60 |    90 ||   150
       Punch             |       |     1 ||     1
  Use: Scroll            |     5 |     4 ||     9
       Potion            |       |     3 ||     3
  Eat: Ration            |     2 |     1 ||     3
       Chunk             |     1 |     8 ||     9
Armor: Animal skin       |    20 |    29 ||    49
Dodge: Dodged            |    40 |    54 ||    94
